 Dungeon Sprint DCSS version 0.28.0-53-g5a82cb258f (webtiles) character file.

Game seed: 13186021914070524473

8915 Zeld the Severer (level 11, -21/126 HPs)
             Began as a Minotaur Berserker on June 5, 2022.
             Was the Champion of Trog.
             Succumbed to poison (dark miasma)
             ... in the Dungeon (Sprint III: "The Ten Rune Challenge").
             The game lasted 00:02:46 (3881 turns).

Zeld the Severer (Minotaur Berserker)               Turns: 3881, Time: 00:02:46

Health: -21/126    AC:  3    Str: 26    XL:     11   Next: 16%
Magic:  10/10      EV: 16    Int:  1    God:    Trog [******]
Gold:   15         SH:  0    Dex: 10    Spells: 10/10 levels left

rFire   + . .      SeeInvis .   a - +2 battleaxe of Exchange {flame, rF+ rC+ rN+ Int-3}
rCold   + . .      Faith    .   (shield currently unavailable)
rNeg    + . .      Spirit   .   b - +0 animal skin
rPois   .          Reflect  .   (helmet restricted)
rElec   .          Harm     .   i - +0 cloak
rCorr   .          Rampage  .   (no gloves)
Will    .....      NoTele   +   (no boots)
Stlth   +.........              (no amulet)
HPRegen 0.31/turn               (no ring)
MPRegen 0.12/turn               (no ring)

@: lethally poisoned (-21 -> -131), on berserk cooldown, slowed, very slow
A: horns 2, retaliatory headbutt
a: Renounce Religion, Berserk, Trog's Hand, Brothers in Arms


You were in the Dungeon.
You worshipped Trog.
Trog was exalted by your worship.
You visited 1 branch You collected 15 gold pieces.

Inventory:

Hand Weapons
 a - the +2 battleaxe of Exchange (weapon) {flame, rF+ rC+ rN+ Int-3}
   (Trog gifted it to you in the Dungeon)

   It burns those it strikes, dealing additional fire damage.
   Big, fiery blades are also staple armaments of hydra-hunters.
   Int:       It affects your intelligence (-3).
   rF:        It protects you from fire.
   rC:        It protects you from cold.
   rN:        It protects you from negative energy.
Armour
 b - a +0 animal skin (worn)
 i - a +0 cloak (worn)
Wands
 r - a wand of acid (4)
Scrolls
 h - a scroll of blinking
 j - a scroll of holy word {unknown}
 k - 3 scrolls of fear {unknown}
 o - a scroll of torment {unknown}
 p - 2 scrolls of identify
Potions
 c - a potion of curing
 d - a potion of heal wounds
 e - a potion of haste
 f - 2 potions of magic
 g - 2 potions of berserk rage
 l - a potion of might
 m - 2 potions of flight
 n - 5 potions of mutation
 q - a potion of degeneration {unknown}
Miscellaneous
 s - a box of beasts


   Skills:
 * Level 20.5 Fighting
 * Level 20.5 Axes
 - Level 2.4 Armour
 + Level 13.7 Dodging


You had 10 spell levels left.
You didn't know any spells.
Your spell library was empty.

Dungeon Overview and Level Annotations

Branches:
Dungeon (1/1)

Altars:
Cheibriados
Dithmenos
Elyvilon
Fedhas
Gozag
Hepliaklqana
Kikubaaqudgha
Makhleb
Nemelex Xobeh
Okawaru
Qazlal
Ru
Sif Muna
Trog
Uskayaw
Vehumet
Wu Jian
Xom
Yredelemnul
Zin
The Shining One
Beogh
Jiyva
Lugonu


Innate Abilities, Weirdness & Mutations

You have a pair of horns on your head.
You reflexively headbutt those who attack you in melee.


Message History

The death drake breathes miasma at you. The foul vapour engulfs you!
You are more poisoned.
Your unstable footing causes you to fumble your attack.
You are engulfed in dark miasma.
You are more poisoned.
You feel as though you will be slow longer.
You feel extremely sick. The death drake closely misses you.
You miss the death drake.
The death drake is moderately wounded.
You are engulfed in dark miasma.
You are lethally poisoned!
You feel as though you will be slow longer.
You feel extremely sick. The death drake closely misses you.
You furiously retaliate!
You headbutt the death drake!!
Your unstable footing causes you to fumble your attack.
You are engulfed in dark miasma.
You are more poisoned.
* * * LOW HITPOINT WARNING * * *
You feel extremely sick. The death drake barely misses you.
You furiously retaliate!
You headbutt the death drake!!
Unknown command.
You slash the death drake! You burn the death drake.
You kill the death drake!
Trog accepts your kill.
You are engulfed in dark miasma.
You are more poisoned.
* * * LOW HITPOINT WARNING * * *
x2 You feel extremely sick.
Unknown command.
You are too berserk!
Unknown command.
Found 21 stones.
You are no longer berserk.
You are exhausted.
You feel as though you will be slow longer.
You die...

....♣♣♣♣≈)≈........≈≈≈...#.......
≈≈≈≈'♣♣'♣≈≈≈≈≈≈≈≈≈≈≈≈♣♣..'.^...^.
....#.≈♣♣♣♣♣♣♣♣♣♣♣♣♣♣♣♣.P#.^.^...
♣♣♣♣#.)♣♣ ♣♣♣##+#####
###'♣♣♣♣♣♣♣♣♣♣♣♣♣♣♣
♣♣♣♣.##..##≈≈≈≈≈≈..#
♣...##.##.#≈≈≈≈≈...#
♣♣.##.##.##)†≈≈≈≈####
♣..#.##)..#°@...°.°☼
♣♣.##.##..#≈..+#####
♣♣.##.#####...# ♣.....# ....#
####### ######


There were no monsters in sight!

Vanquished Creatures
  2 hydras (D)
  Erolcha (D)
  Urug (D)
  A death drake (D)
  A lindwurm (D)
  A deep elf pyromancer (D)
  2 cane toads (D)
  A rime drake (D)
  A komodo dragon (D)
  2 tyrant leeches (D)
  5 blink frogs (D)
  3 wandering mushrooms (D)
  A shadow (D)
  5 redbacks (D)
  A spatial vortex (D)
  A swamp drake (D)
  A necrophage (D)
  5 two-headed ogres (D)
  A water elemental (D)
  An electric eel (D)
  Crazy Yiuf (D)
  A jelly (D)
  A wizard (D)
  A necromancer (D)
  3 humans (D)
  A kobold demonologist (D)
  2 endoplasms (D)
  2 rats (D)
49 creatures vanquished.

Vanquished Creatures (others)
  3 plants (D)
3 creatures vanquished.

Grand Total: 52 creatures vanquished

Notes
Turn   | Place    | Note
-------+----------+-------------------------------------------
     0 | D        | Zeld the Minotaur Berserker began the quest for the Orb.
     0 | D        | Reached XP level 1. HP: 19/19 MP: 0/0
    37 | D        | Reached ** piety under Trog
    82 | D        | Noticed Crazy Yiuf
    85 | D        | Killed Crazy Yiuf
    86 | D        | Reached skill level 5 in Fighting
    86 | D        | Reached skill level 5 in Axes
    86 | D        | Reached XP level 2. HP: 24/30 MP: 1/1
    86 | D        | Reached XP level 3. HP: 29/37 MP: 2/2
   296 | D        | Noticed a water elemental
   302 | D        | Killed a water elemental
   302 | D        | Reached *** piety under Trog
   303 | D        | Reached skill level 5 in Dodging
   303 | D        | Reached XP level 4. HP: 25/48 MP: 3/3
   511 | D        | Found a basalt altar of Yredelemnul.
   511 | D        | Found a shadowy altar of Dithmenos.
   511 | D        | Found a sacrificial altar of Ru.
   511 | D        | Noticed a necrophage
   515 | D        | Reached XP level 5. HP: 32/56 MP: 4/4
   518 | D        | Killed a necrophage
   744 | D        | Found a hide-covered altar of Uskayaw.
   744 | D        | Found an iron altar of Okawaru.
   744 | D        | Found a bloodstained altar of Trog.
   744 | D        | Found an ornate altar of the Wu Jian Council.
   744 | D        | Noticed a human
   745 | D        | Noticed a human
   748 | D        | Killed a human
   749 | D        | Reached skill level 10 in Fighting
   749 | D        | Reached skill level 10 in Axes
   749 | D        | Reached XP level 6. HP: 67/67 MP: 5/5
   752 | D        | Killed a human
   752 | D        | Reached **** piety under Trog
   879 | D        | Found a glowing silver altar of Zin.
   879 | D        | Found a glowing golden altar of the Shining One.
   879 | D        | Found a white marble altar of Elyvilon.
   880 | D        | Noticed a deep elf pyromancer
   882 | D        | Noticed a fire elemental
   882 | D        | Noticed a fire elemental
   885 | D        | Killed a deep elf pyromancer
   886 | D        | Reached XP level 7. HP: 79/79 MP: 6/6
  1038 | D        | Found a radiant altar of Vehumet.
  1038 | D        | Found a shimmering blue altar of Sif Muna.
  1038 | D        | Found an ancient bone altar of Kikubaaqudgha.
  1042 | D        | Noticed a smoke demon
  1043 | D        | Reached ***** piety under Trog
  1089 | D        | Noticed a shadow
  1095 | D        | Killed a shadow
  1096 | D        | Reached XP level 8. HP: 23/88 MP: 7/7
  1128 | D        | Found a blossoming altar of Fedhas.
  1128 | D        | Found a stormy altar of Qazlal.
  1128 | D        | Found a snail-covered altar of Cheibriados.
  1128 | D        | Found a burning altar of Makhleb.
  1128 | D        | Found a shimmering altar of Xom.
  1129 | D        | Found a hazy altar of Hepliaklqana.
  1129 | D        | Found an opulent altar of Gozag.
  1129 | D        | Found a sparkling altar of Nemelex Xobeh.
  1129 | D        | Found a corrupted altar of Lugonu.
  1129 | D        | Found a viscous altar of Jiyva.
  1745 | D        | Noticed a two-headed ogre
  1752 | D        | Killed a two-headed ogre
  1752 | D        | Received a gift from Trog
  1753 | D        | Reached skill level 15 in Fighting
  1753 | D        | Reached skill level 15 in Axes
  1753 | D        | Reached skill level 10 in Dodging
  1898 | D        | Noticed a two-headed ogre
  1898 | D        | Noticed Erolcha
  1906 | D        | Killed Erolcha
  1907 | D        | Reached XP level 9. HP: 92/100 MP: 8/8
  1907 | D        | Killed a two-headed ogre
  2243 | D        | Noticed a wandering mushroom
  2252 | D        | Noticed a wandering mushroom
  2254 | D        | Noticed a wandering mushroom
  2338 | D        | Noticed a cane toad
  2338 | D        | Noticed a komodo dragon
  2338 | D        | Noticed a cane toad
  2341 | D        | Killed a cane toad
  2343 | D        | Killed a cane toad
  2346 | D        | Killed a komodo dragon
  2346 | D        | Identified the +2 battleaxe of Exchange {flame, rF+ rC+ rN+
                  | Int-3} (Trog gifted it to you in the Dungeon)
  2346 | D        | Received a gift from Trog
  2347 | D        | Reached XP level 10. HP: 112/112 MP: 9/9
  3099 | D        | Reached ****** piety under Trog
  3099 | D        | Received a gift from Trog
  3330 | D        | Noticed a lindwurm
  3338 | D        | Killed a lindwurm
  3608 | D        | Noticed Urug
  3615 | D        | Killed Urug
  3860 | D        | Noticed a five-headed hydra
  3860 | D        | Noticed a five-headed hydra
  3864 | D        | Killed a four-headed hydra
  3864 | D        | Received a gift from Trog
  3865 | D        | Reached XP level 11. HP: 124/124 MP: 10/10
  3868 | D        | Killed a one-headed hydra
  3868 | D        | Noticed a death drake
  3880 | D        | Killed a death drake
  3881 | D        | Succumbed to poison (dark miasma)

Illustrated notes

Levels and vault maps discovered:
D:        dungeon_sprint_mu [sprint_mu_entry_cave, sprint_mu_temple_rooms,
          sprint_mu_d1_spiders, sprint_mu_d2_genie, sprint_mu_d3_branching,
          sprint_mu_orc_legion, sprint_mu_elf_gauntlet, sprint_mu_hive_nellie,
          sprint_mu_lair_fedhas, sprint_mu_vaults_butterflies,
          sprint_mu_slime_circle, sprint_mu_shoals_kraken,
          sprint_mu_snake_twists, sprint_mu_blade_basic,
          sprint_mu_crypt_fortress, sprint_mu_tomb_spiral,
          sprint_mu_vestibule_basic, sprint_mu_gehenna_hellfire,
          sprint_mu_dis_giant, sprint_mu_tartarus_statrot,
          sprint_mu_cocytus_islands, sprint_mu_zot1]

Skill      XL: |  1  2  3  4  5  6  7  8  9 10 |
---------------+-------------------------------+-----
Fighting       | 5 7 8 10 13 16 17 20 | 20.5
Axes           | 5 7 8 10 13 16 17 20 | 20.5
Dodging        | 3 5 7 8 9 10 11 13 | 13.7
Armour         | |  2.4

Action                   |  1- 3 |  4- 6 |  7- 9 | 10-12 || total
-------------------------+-------+-------+-------+-------++-------
Melee: Hand axe          |    18 |    16 |    33 |       ||    67
       Headbutt          |     3 |     5 |    19 |    14 ||    41
       Punch             |       |       |     2 |       ||     2
       Battleaxe         |       |       |    32 |    70 ||   102
Invok: Berserk           |     2 |     3 |     6 |     3 ||    14
       Trog's Hand       |       |       |     2 |       ||     2
  Use: Potion            |       |       |     1 |       ||     1
 Stab: Sleeping          |     2 |       |       |       ||     2
Armor: Animal skin       |       |     1 |       |     6 ||     7
Dodge: Dodged            |     8 |     4 |    28 |    38 ||    78
